 Dungeon Crawl Stone Soup version 0.24-a0-381-g637bb3806f (webtiles) character file.

Game seed: 3644237266538148152

282 Inarius the Firebug (level 6, -4/35 HPs)
             Began as a Deep Elf Fire Elementalist on June 3, 2019.
             Slain by a centaur (10 damage)
             ... on level 5 of the Dungeon.
             The game lasted 00:12:00 (5568 turns).

Inarius the Firebug (Deep Elf Fire Elementalist)    Turns: 5568, Time: 00:12:00

Health: -4/35      AC:  3    Str:  5    XL:     6   Next: 6%
Magic:  7/15       EV: 13    Int: 22    God:
Gold:   391        SH:  0    Dex: 15    Spells: 4/14 levels left

rFire    . . .     SeeInvis .   f - +0 dagger
rCold    . . .     Gourm    .   (no shield)
rNeg     . . .     Faith    .   a - +0 robe
rPois    .         Spirit   .   (no helmet)
rElec    .         Reflect  .   (no cloak)
rCorr    .         Harm     .   v - +0 pair of gloves
MR       .....                  (no boots)
Stlth    ++........             (no amulet)
HPRegen  0.11/turn              (no ring)
MPRegen  0.14/turn              (no ring)

@: no status effects
A: no striking features
a: no special abilities


You were on level 5 of the Dungeon.
You were near starving.

You visited 1 branch of the dungeon, and saw 5 of its levels.

You collected 391 gold pieces.

Inventory:

Hand Weapons
 f - a +0 dagger (weapon)
Missiles
 m - 10 javelins (quivered)
Armour
 a - a +0 robe (worn)
 v - a +0 pair of gloves (worn)
Magical Staves
 w - an uncursed staff of poison {unknown}
Wands
 s - a wand of paralysis (9)
Scrolls
 b - a scroll of magic mapping {unknown}
 g - a scroll of random uselessness {unknown}
 i - 3 scrolls of remove curse
 j - 2 scrolls of identify {unknown}
 l - 7 scrolls of teleportation
 o - 3 scrolls of immolation {unknown}
 p - a scroll of fog {unknown}
 r - a scroll of noise {unknown}
 t - a scroll of enchant weapon {unknown}
 u - a scroll of fear {unknown}
Potions
 d - 3 potions of degeneration {unknown}
 e - 5 potions of flight {unknown}
 h - a potion of berserk rage {unknown}
 k - 2 potions of curing {unknown}
 n - a potion of lignification {unknown}
 q - a potion of haste {unknown}
Comestibles
 c - 5 rations


   Skills:
 * Level 1.7 Fighting
 + Level 2.8 Dodging
 - Level 2.4 Stealth
 + Level 4.8 Spellcasting
 + Level 2.9 Conjurations
 * Level 5.3 Fire Magic


You had 4 spell levels left.
You knew the following spells:

 Your Spells              Type           Power        Failure   Level  Hunger
a - Flame Tongue          Conj/Fire      ###..        1%          1    None
b - Throw Flame           Conj/Fire      ###...       3%          2    None
c - Conjure Flame         Conj/Fire      ###.....     6%          3    ##.....
d - Sticky Flame          Conj/Fire      ###.....     19%         4    ####...

Your spell library contained the following spells:

 Spells                   Type           Power        Failure   Level  Hunger
 Inner Flame              Hex/Fire       ###.....     11%         3    ##.....
 Fireball                 Conj/Fire      ###.......   47%         5    #####..


Dungeon Overview and Level Annotations

Branches:
Dungeon (5/15)
 Temple: D:4-7

Altars:
Cheibriados
Ru

Annotations:
D:3 2 runed translucent doors, Amnesiac's ghost, weakling FeEE
D:4 2 transporters, Ijustatesigmund's ghost, novice OpFi


Message History

Okay, then.
Casting: Conjure Flame (safe; 6% risk of failure)
Confirm with . or Enter, or press ? or * to list all spells.
Aiming: Sticky Flame (slightly dangerous; 19% risk of failure)
Press: ? - help, Shift-Dir - straight line, f/p - centaur
Aim: a centaur The sticky flame hits the centaur.
The centaur is lightly wounded.
The centaur is covered in liquid flames!
The centaur burns!
The centaur misses you. x2
Casting: Sticky Flame (slightly dangerous; 19% risk of failure)
Confirm with . or Enter, or press ? or * to list all spells.
Aiming: Sticky Flame (slightly dangerous; 19% risk of failure)
Press: ? - help, Shift-Dir - straight line, f/p - centaur
Aim: a centaur (moderately wounded, covered in liquid flames)
The sticky flame hits the centaur!
The centaur is severely wounded.
The centaur is covered in liquid flames!
The centaur burns!
The centaur hits you!
You die...

....#
#....###
#####
#......# #
#....#.#
.#....#.#
.......#.#
#.##...#.# #.
....#.# ### .
####.#(#....#
+c@((...(...#
########)...#
....# ..?#
...# ..# ..#


You could see a centaur (burning).

Vanquished Creatures
  Terence (D:1)
  Jessica (D:2)
  An iguana (D:5)
  A worker ant (D:4)
  4 gnolls
  4 adders
  A shadow imp (D:5)
  An ooze (D:2)
  4 worms
  A leopard gecko (D:2)
  8 bats
  3 giant cockroaches
  13 goblins
  10 hobgoblins
  10 jackals
  3 quokkas (D:2)
  A ball python (D:3)
  7 frilled lizards
  4 kobolds
  7 rats
85 creatures vanquished.

Notes
Turn   | Place    | Note
-------+----------+-------------------------------------------
     0 | D:1      | Inarius the Deep Elf Fire Elementalist began the quest for
                  | the Orb.
     0 | D:1      | Reached XP level 1. HP: 10/10 MP: 6/6
   166 | D:1      | Reached XP level 2. HP: 15/15 MP: 5/8
   313 | D:1      | Learned a level 2 spell: Throw Flame
   328 | D:1      | Reached skill level 4 in Fire Magic
   849 | D:1      | Reached XP level 3. HP: 20/20 MP: 5/9
  1069 | D:2      | Learned a level 3 spell: Conjure Flame
  1242 | D:2      | Found a snail-covered altar of Cheibriados.
  1408 | D:2      | Noticed Terence
  1436 | D:1      | Reached skill level 1 in Fighting
  2571 | D:2      | Reached XP level 4. HP: 20/25 MP: 3/11
  2822 | D:2      | Noticed Jessica
  2885 | D:2      | Killed Jessica
  3097 | D:3      | Learned a level 4 spell: Sticky Flame
  3325 | D:3      | Found a runed translucent door.
  3358 | D:3      | Found a runed translucent door.
  3361 | D:3      | Noticed Amnesiac's ghost (weakling FeEE)
  3361 | D:3      | Noticed a bullfrog
  3547 | D:3      | Reached XP level 5. HP: 28/29 MP: 5/13
  4328 | D:4      | Found a transporter.
  4339 | D:4      | Noticed Ijustatesigmund's ghost (novice OpFi)
  4353 | D:4      | Found a transporter.
  4442 | D:4      | Reached skill level 5 in Fire Magic
  4614 | D:4      | You fall into a shaft and drop 1 floor!
  4614 | D:5      | Entered Level 5 of the Dungeon
  4623 | D:5      | Noticed a sky beast
  4630 | D:4      | Found a sacrificial altar of Ru.
  5318 | D:1      | Killed Terence
  5318 | D:1      | Reached XP level 6. HP: 35/35 MP: 6/15
  5568 | D:5      | Slain by a centaur

Levels and vault maps discovered:
D:1:      mrwooster_arrival_statue_2, layout_basic
D:2:      layout_basic, lemuel_crystal_altar, hex_tiny, uniq_terence,
          uniq_jessica
D:3:      layout_basic, ebering_ghost_sewer_f
D:4:      lemuel_upstairs_altar, layout_loops_ring, gammafunk_ghost_stat_death
D:5:      layout_basic, minmay_temple_entry_arrows, first_ration,
          serial_corexii_hall, corexii_hall_statues_s, corexii_hall_statues_s,
          uniq_duvessa

Skill      XL: |  1  2  3  4  5 |
---------------+----------------+-----
Fire Magic     | 4 5 |  5.3
Fighting       | 1 |  1.7
Conjurations   | 2 |  2.9
Spellcasting   | 4 |  4.8
Dodging        | |  2.8
Stealth        | |  2.4

Action                   |  1- 3 |  4- 6 || total
-------------------------+-------+-------++-------
Melee: Dagger            |    10 |    30 ||    40
       Unarmed           |     2 |       ||     2
Throw: Javelin           |     3 |     3 ||     6
 Cast: Flame Tongue      |    91 |    82 ||   173
       Throw Flame       |     9 |    37 ||    46
       Conjure Flame     |     4 |     4 ||     8
       Sticky Flame      |       |     2 ||     2
  Use: Scroll            |       |     2 ||     2
  Eat: Chunk             |     5 |    10 ||    15
Armor: Robe              |    12 |    12 ||    24
Dodge: Dodged            |    32 |    40 ||    72

Table legend:
 A = Non-vault XP
 B = Vault XP
 C = Vault XP percentage of total XP
 D = Non-vault monster count
 E = Vault monster count
 F = Vault count percentage of total count
                 A         B        C        D         E       F
            +---------+---------+-------+---------+---------+-------
      Total |     328 |      75 |  18.6 |      83 |       2 |   2.4
            +---------+---------+-------+---------+---------+-------
        D:1 |      50 |      38 |  43.2 |      30 |       1 |   3.2
        D:2 |      70 |      37 |  34.6 |      22 |       1 |   4.3
        D:3 |     104 |       0 |   0.0 |      21 |       0 |   0.0
        D:4 |      58 |       0 |   0.0 |       8 |       0 |   0.0
        D:5 |      46 |       0 |   0.0 |       2 |       0 |   0.0
            +---------+---------+-------+---------+---------+-------
